 Dungeon Crawl Stone Soup version 0.21-a0-125-gb006224 (webtiles) character file.

32 4thArraOfDagon the Digger (level 2, -2/20 HPs)
             Began as a Demigod Earth Elementalist on July 14, 2017.
             Slain by an iguana (12 damage)
             ... on level 4 of the Dungeon.
             The game lasted 00:02:07 (634 turns).

4thArraOfDagon the Digger (DgEE)                     Turns: 634, Time: 00:02:08

Health: -2/20      AC:  5    Str: 11    XL:     2   Next: 96%
Magic:  1/7        EV: 11    Int: 19    God:
Gold:   50         SH:  0    Dex: 16    Spells: 4/5 levels left

rFire    . . .     SeeInvis .   a - +0 short sword
rCold    . . .     Gourm    .   (no shield)
rNeg     . . .     Faith    .   g - +0 ring mail
rPois    .         Spirit   .   (no helmet)
rElec    .         Reflect  .   (no cloak)
rCorr    .         Harm     .   (no gloves)
MR       .....                  (no boots)
Stlth    +.........             (no amulet)
HPRegen  0.06/turn              (no ring)
MPRegen  0.10/turn              (no ring)

@: no status effects
A: high mp 1
a: no special abilities


You were on level 4 of the Dungeon.
You were not hungry.

You visited 1 branch of the dungeon, and saw 4 of its levels.

You collected 50 gold pieces.

Inventory:

Hand Weapons
 a - a +0 short sword (weapon)
Missiles
 b - 36 stones (quivered)
Armour
 c - a +0 robe
 g - a +0 ring mail (worn)
Scrolls
 i - a scroll of fear {unknown}
 j - 2 scrolls of fog {unknown}
 l - a scroll of blinking {unknown}
 p - a scroll of teleportation {unknown}
Potions
 f - a potion of invisibility {unknown}
 h - a potion of curing {unknown}
 k - a potion of magic {unknown}
 n - a potion of lignification {unknown}
 o - a potion of brilliance {unknown}
Books
 e - a book of Geomancy

   Spells                             Type                      Level
   a - Sandblast                      Earth                        1
   b - Passwall                       Transmutation/Earth          2
   c - Stone Arrow                    Conjuration/Earth            3
   d - Petrify                        Transmutation/Earth          4
   e - Lee's Rapid Deconstruction     Earth                        5
Comestibles
 d - a bread ration
 m - a fruit


   Skills:
 - Level 1.7 Dodging
 - Level 1.7 Stealth
 + Level 2.1 Spellcasting
   Level 0.8 Transmutations
 * Level 3.6 Earth Magic


You had 4 spell levels left.
You knew the following spells:

 Your Spells              Type           Power        Failure   Level  Hunger
a - Sandblast             Erth           ###...       10%         1    #......


Dungeon Overview and Level Annotations

Branches:
Dungeon (4/15)
 Temple: D:4-7

Annotations:
D:4 Blork the orc


Innate Abilities, Weirdness & Mutations

You have an increased reservoir of magic. (+10% MP)


Message History

Casting: Sandblast
Confirm with . or Enter, or press ? or * to list all spells.
Aiming: Sandblast
Press: ? - help, Shift-Dir - straight line, f/p - iguana
Aim: an iguana (moderately wounded)
The blast of sand hits the iguana.
The iguana is moderately wounded.
b - 37 stones The iguana bites you.
Casting: Sandblast
Confirm with . or Enter, or press ? or * to list all spells.
Aiming: Sandblast
Press: ? - help, Shift-Dir - straight line, f/p - iguana
Aim: an iguana (moderately wounded)
The blast of sand hits the iguana.
The iguana is severely wounded.
b - 36 stones The iguana bites you!
Ouch! That really hurt!
You die...

.......#####.#
.......#
#.#######
########
#.......##
#######..# ##.#
♣♣######.# .
♣♣.....##.# o..
♣♣....l..#.#
≈≈...♣...≈≈≈@...#
≈≈≈.....≈≈≈≈≈...#
_≈≈.....≈≈♣≈≈...#
≈≈≈.....≈≈≈≈≈..##
≈≈...♣...≈≈≈...#
....♣♣♣.......##
...♣ ♣♣.....##
.♣♣ ♣♣#####


You could see an iguana.

Vanquished Creatures
  An adder (D:4)
  A dart slug (D:4)
  2 leopard geckos (D:3)
  2 orcs (D:4)
  A giant cockroach (D:1)
  A hobgoblin (D:1)
  2 jackals (D:2)
  A kobold (D:1)
  A quokka (D:2)
  3 bats (D:1)
  A frilled lizard (D:2)
  A rat (D:1)
17 creatures vanquished.

Notes
Turn   | Place    | Note
-------+----------+-------------------------------------------
     0 | D:1      | 4thArraOfDagon the Demigod Earth Elementalist began the quest for the Orb.
     0 | D:1      | Reached XP level 1. HP: 14/14 MP: 5/5
    78 | D:1      | Reached skill level 3 in Earth Magic
   338 | D:2      | Found a shadowy altar of Dithmenos.
   366 | D:2      | Reached XP level 2. HP: 20/20 MP: 7/7
   568 | D:4      | Ladykiller69: you can just punch anyone to death?
   614 | D:4      | Ladykiller69: is that because of dg stats?
   619 | D:4      | Found a white marble altar of Elyvilon.
   619 | D:4      | Noticed Blork the orc
   634 | D:4      | Slain by an iguana

Vault maps used:
D:1:      sevenhm_arrival_forest_fort_small_6
D:2:      minmay_wonky_spiral, nicolae_qazlal_general_emergency,
          grunt_dithmenos_smoke_and_mirrors, kennysheep_okawaru_gauntlet,
          first_bread
D:3:      lemuel_zombie_altar_yredelemnul, lemuel_round_altar, fedhas_altar_2,
          uniq_terence, uniq_robin
D:4:      cheibrodos_fertilizer, elyvilon_altar_3, uniq_blork_the_orc,
          uniq_natasha

Skill      XL: |  1  2 |
---------------+-------+-----
Earth Magic    | 3 |  3.6
Spellcasting   | 2 |  2.1
Dodging        | |  1.7
Stealth        | |  1.7
Transmutations | |  0.8

Action                   || total
-------------------------++-------
Melee: Short sword       ||    56
 Cast: Sandblast         ||     8
 Stab: Sleeping          ||     2
Armor: Ring mail         ||    18
Dodge: Dodged            ||    40
